 Dungeon Crawl Stone Soup version 0.27.0-1-g7a089689b8 (webtiles) character file.

Game seed: 175190758528528983

193 vvl the Skirmisher (level 5, -2/41 HPs)
             Began as a Demonspawn Fighter on Aug 2, 2021.
             Succumbed to a kobold brigand's poison
             ... on level 3 of the Dungeon.
             The game lasted 00:05:15 (3059 turns).

vvl the Skirmisher (Demonspawn Fighter)             Turns: 3059, Time: 00:05:16

Health: -2/41      AC:  5    Str: 18    XL:     5   Next: 44%
Magic:  7/7        EV:  8    Int:  9    God:
Gold:   40         SH:  9    Dex: 12    Spells: 6/6 levels left

rFire    . . .     SeeInvis .   q - +2 hand axe (venom)
rCold    . . .     Faith    .   c - +0 kite shield
rNeg     . . .     Spirit   .   i - +0 ring mail
rPois    .         Reflect  .   (no helmet)
rElec    .         Harm     .   (no cloak)
rCorr    .         Rampage  .   (no gloves)
Will     .....                  (no boots)
Stlth    +.........             (no amulet)
HPRegen  0.13/turn              (no ring)
MPRegen  0.20/turn              (no ring)

@: lethally poisoned (-2 -> -14), flying, hasted, very quick
A: claws 2, magic regeneration
a: no special abilities


You were on level 3 of the Dungeon.
You visited 1 branch of the dungeon, and saw 3 of its levels.

You collected 100 gold pieces.
You spent 60 gold pieces at shops.

Inventory:

Hand Weapons
 a - a +0 long sword
 q - a +2 hand axe of venom (weapon)
Armour
 c - a +0 kite shield (worn)
 i - a +0 ring mail (worn)
Jewellery
 k - a ring of positive energy
Scrolls
 e - a scroll of enchant weapon {unknown}
 g - a scroll of immolation {unknown}
 h - 3 scrolls of identify
 l - a scroll of teleportation {unknown}
 m - a scroll of enchant armour {unknown}
 o - a scroll of magic mapping
Potions
 d - 2 potions of might
 f - a potion of mutation {unknown}
 j - a potion of flight
 p - a potion of magic {unknown}


   Skills:
 + Level 3.5 Fighting
 + Level 2.3 Long Blades
 + Level 3.2 Armour
 + Level 1.5 Dodging
 + Level 3.1 Shields
 + Level 1.3 Unarmed Combat
 + Level 1.4 Spellcasting
 + Level 1.2 Transmutations


You had 6 spell levels left.
You didn't know any spells.
Your spell library was empty.

Dungeon Overview and Level Annotations

Branches:
Dungeon (3/15)

Altars:
Sif Muna

Shops:
D:2 ?


Innate Abilities, Weirdness & Mutations

You have very sharp fingernails.
You regenerate magic rapidly.


Message History

You feel very sick.
The kobold brigand hits you with a +2 dagger of venom.
You block the kobold brigand's attack.
You closely miss the kobold brigand.
The kobold brigand is lightly wounded.
The kobold shouts!
You hit the kobold.
You feel very sick.
The kobold brigand hits you with a +2 dagger of venom.
You are lethally poisoned!
The kobold hits you but does no damage.
* * * LOW HITPOINT WARNING * * *
You feel very sick.
Unknown command.
* * * LOW HITPOINT WARNING * * *
You feel very sick.
It was a potion of flight.
You feel very buoyant.
You fly up into the air.
* * * LOW HITPOINT WARNING * * *
You feel sick.
It was a potion of curing.
You feel better.
The kobold brigand hits you with a +2 dagger of venom.
You block the kobold's attack.
Your shield prevents you from hitting the kobold brigand.
The kobold brigand is moderately wounded.
The kobold brigand closely misses you.
The kobold brigand hits you with a +2 dagger of venom!
* * * LOW HITPOINT WARNING * * *
The kobold hits you with a +0 club.
* * * LOW HITPOINT WARNING * * *
You miss the kobold brigand.
The kobold brigand is heavily wounded.
You hit the kobold.
You kill the kobold!
The kobold brigand hits you with a +2 dagger of venom!
* * * LOW HITPOINT WARNING * * *
You are lethally poisoned!
It was a potion of haste.
You feel yourself speed up.
You die...

#.. ...# #..#.###.##
#.###.#####.)).# #..#
# #..##.†.......##
##..
.#..#####....#########
### ......)....#...#
##.##.......##.#
#####....#...
###KK####.. #@..# #
#.#..# #....# #......
##### ........ #...#
#....###. #.<.. ######
#.... ###.. ###


You could see a kobold brigand (poisoned) and a kobold.

Vanquished Creatures
  A kobold brigand (D:3)
  A hound skeleton (D:3)
  4 adders
  2 worms
  8 orcs (D:3)
  3 endoplasms
  5 giant cockroaches
  A goblin (D:1)
  A hobgoblin (D:2)
  7 jackals
  2 quokkas
  2 ball pythons (D:2)
  6 bats
  5 frilled lizards
  10 kobolds
  4 rats
62 creatures vanquished.

Notes
Turn   | Place    | Note
-------+----------+-------------------------------------------
     0 | D:1      | vvl the Demonspawn Fighter began the quest for the Orb.
     0 | D:1      | Reached XP level 1. HP: 18/18 MP: 1/1
   179 | D:1      | Gained mutation: You have sharp fingernails. [demonic
                  | ancestry]
   179 | D:1      | Reached XP level 2. HP: 24/24 MP: 2/2
   652 | D:2      | Reached XP level 3. HP: 9/29 MP: 2/4
  1345 | D:2      | Found a shimmering blue altar of Sif Muna.
  1601 | D:2      | Reached skill level 1 in Dodging
  1940 | D:2      | Found Kupiqi's Magic Scroll Shop.
  1945 | D:2      | Bought a scroll of magic mapping for 38 gold pieces
  1945 | D:2      | Bought a scroll of identify for 22 gold pieces
  2011 | D:3      | Gained mutation: You have very sharp fingernails. [demonic
                  | ancestry]
  2011 | D:3      | Reached XP level 4. HP: 19/35 MP: 5/5
  2191 | D:3      | Noticed a kobold brigand
  2264 | D:3      | Reached skill level 1 in Spellcasting
  2543 | D:3      | Found a faded altar of an unknown god.
  2593 | D:3      | Reached skill level 1 in Unarmed Combat
  2808 | D:3      | Killed a kobold brigand
  2809 | D:3      | Reached skill level 1 in Transmutations
  2809 | D:3      | Gained mutation: You regenerate magic rapidly. [demonic
                  | ancestry]
  2809 | D:3      | Reached XP level 5. HP: 15/41 MP: 5/7
  3058 | D:3      | HP: 1/41 [kobold brigand (8)]
  3059 | D:3      | Succumbed to a kobold brigand's poison

Illustrated notes

Levels and vault maps discovered:
D:1:      minmay_arrival_wavy_path, layout_rooms, chequers_serial_rivers_large_b
D:2:      layout_loops_cross, basic_altar, serial_shops, shop
D:3:      cheibrodos_thug_alley, layout_rooms,
          shapermc_ecumenical_altar_hornbeckon, grunt_ministairs_12

Skill      XL: |  1  2  3  4 |
---------------+-------------+-----
Long Blades    | 2 |  2.3
Armour         | 3 |  3.2
Dodging        | 1 |  1.5
Shields        | 3 |  3.1
Spellcasting   | 1 |  1.4
Unarmed Combat | 1 |  1.3
Transmutations | 1 |  1.2
Fighting       | |  3.5

Action                   |  1- 3 |  4- 6 || total
-------------------------+-------+-------++-------
Melee: Long sword        |   134 |    61 ||   195
       Hand axe          |       |    23 ||    23
  Use: Potion            |       |     3 ||     3
Armor: Scale mail        |    14 |       ||    14
       Ring mail         |    43 |    28 ||    71
Dodge: Dodged            |    57 |    23 ||    80
Block: Kite shield       |    72 |    44 ||   116
       Rpst.: Long sword |    10 |     5 ||    15
